 Dungeon Crawl Stone Soup version 0.20-a0-433-g9e36e56 (webtiles) character file.

12111 Kareekexe the Fighter (level 11, -1/124 HPs)
             Began as an Ogre Berserker on Jan 3, 2017.
             Was a High Priest of Trog.
             Slain by a wolf (3 damage)
             ... on level 2 of the Lair of Beasts.
             The game lasted 00:17:19 (11103 turns).

Kareekexe the Fighter (Ogre Berserker)             Turns: 11103, Time: 00:17:19

Health: -1/124     AC: 15    Str: 23    XL:     11   Next: 88%
Magic:  11/11      EV: 10    Int:  8    God:    Trog [*****.]
Gold:   239        SH:  0    Dex: 11    Spells: 10/10 levels left

rFire  . . .     SeeInvis .     N - +1 giant spiked club (drain)
rCold  . . .     Gourm    +     r - +0 storm dragon scales
rNeg   . . .     Faith    .     (shield currently unavailable)
rPois  .         Spirit   .     (helmet restricted)
rElec  +         Reflect  .     k - +0 cloak
rCorr  .         Harm     .     (gloves unavailable)
MR     +....                    (boots unavailable)
Stlth  ..........               B - amulet of the gourmand
                                (no ring)
                                H - ring of stealth

@: exhausted, slowed, very slow
A: unfitting armour, tough skin 1
a: Berserk, Trog's Hand, Brothers in Arms, Burn Spellbooks, Renounce Religion


You were on level 2 of the Lair of Beasts.
You worshipped Trog.
Trog was extremely pleased with you.
You were very full.

You visited 3 branches of the dungeon, and saw 12 of its levels.

You collected 711 gold pieces.
You spent 472 gold pieces at shops.

Inventory:

Hand Weapons
 h - a +1 giant spiked club of freezing
 N - a +1 giant spiked club of draining (weapon)
Armour
 k - a +0 cloak (worn)
 r - +0 storm dragon scales (worn)
Jewellery
 t - an uncursed ring of teleportation
 A - an uncursed amulet of harm {unknown}
 B - an amulet of the gourmand (around neck)
 H - a ring of stealth (left hand)
Wands
 n - a wand of polymorph (16/24)
 q - a wand of confusion (30/48)
 w - a wand of scattershot (5/9)
 x - a wand of lightning (10/15)
 E - a wand of flame (21/48)
 Q - a wand of lightning (5/15)
Scrolls
 a - a scroll of enchant weapon
 b - 2 scrolls of amnesia {unknown}
 j - 2 scrolls of recharging {unknown}
 l - 2 scrolls of immolation {unknown}
 o - 10 scrolls of identify
 p - 3 scrolls of magic mapping {unknown}
 s - 10 scrolls of teleportation
 y - 5 scrolls of blinking {unknown}
 K - 3 scrolls of enchant armour {unknown}
 L - a scroll of fog {unknown}
 O - a scroll of random uselessness {unknown}
Potions
 e - a potion of curing
 g - a potion of brilliance {unknown}
 i - a potion of heal wounds {unknown}
 m - 2 potions of agility {unknown}
 u - a potion of magic {unknown}
 v - 2 potions of flight {unknown}
 z - a potion of lignification {unknown}
 C - a potion of berserk rage {unknown}
 D - a potion of mutation {unknown}
 F - 2 potions of ambrosia {unknown}
 G - a potion of degeneration {unknown}
 J - 2 potions of resistance {unknown}
 R - a potion of haste {unknown}
 S - a potion of invisibility {unknown}
Books
 I - a book of Enchantments

   Spells                             Type                      Level
   a - Cause Fear                     Hexes                        4
   b - Yara's Violent Unravelling     Hexes/Transmutation          5
   c - Silence                        Hexes/Air                    5
   d - Deflect Missiles               Charms/Air                   6
   e - Discord                        Hexes                        8
   Trog disapproves of the use of such an item.
Comestibles
 c - 9 bread rations
 d - 27 fruits
 f - 4 beef jerkies
 M - 3 meat rations


   Skills:
 + Level 12.4 Fighting
 + Level 9.2 Maces & Flails
 + Level 7.6 Armour
 + Level 9.1 Dodging


You had 10 spell levels left.
You didn't know any spells.

Dungeon Overview and Level Annotations

Branches:
Dungeon (9/15)             Temple (1/1) D:5            Lair (2/6) D:9
 Shoals (0/4) Lair:2
  Snake: Lair:2-4    Spider: Lair:2-4       Orc: D:9-12

Altars:
Ashenzari
Cheibriados
Dithmenos
Elyvilon
Fedhas
Gozag
Hepliaklqana
Kikubaaqudgha
Makhleb
Nemelex Xobeh
Okawaru
Qazlal
Ru
Sif Muna
Trog
Uskayaw
Vehumet
Xom
Yredelemnul
Zin
The Shining One

Shops:
D:4 (?[   D:5 :   D:8 ?}:   D:9 *[(}


Innate Abilities, Weirdness & Mutations

You are too large for most types of armour.
You have tough skin. (AC +1)


Message History

Things that are here:
a porcupine corpse; a wolf corpse You miss the wolf.
The wolf bites you!
* * * LOW HITPOINT WARNING * * *
The wolf bites you but does no damage. The wolf misses you.
The wolf bites you but does no damage. x3
Your storm dragon scales prevents you from hitting the wolf.
The wolf bites you but does no damage. The wolf closely misses you.
The wolf completely misses you. The wolf bites you but does no damage.
You closely miss the wolf.
You are no longer berserk.
You are exhausted.
You feel yourself slow down.
The wolf bites you but does no damage. x2
The wolf barely misses you.
The wolf bites you but does no damage. x2
You miss the wolf. The wolf bites you!
* * * LOW HITPOINT WARNING * * *
The wolf closely misses you. The wolf bites you but does no damage.
The wolf barely misses you. x2; The wolf bites you but does no damage. x2
The wolf bites you.
You die...

...>... .......... #........
#....... #..... #.... #####
#..h##### #.#.#### #.....
#............# #.................
.............###................#


You could see 3 wolves.

Vanquished Creatures
  A hydra (Lair:2)
  A manticore (Lair:2)
  4 spiny frogs
  Psyche (D:9)
  A rime drake (Lair:2)
  A komodo dragon (Lair:2)
  The ghost of Jalan the Thaumaturge, a novice DEWz (D:4)
  4 hippogriffs
  2 wyverns
  24 yaks
  A fire elemental (Lair:1)
  2 basilisks
  7 porcupines
  3 water moccasins (Lair:1)
  An orc warrior (D:5)
  An ice beast (D:7)
  3 ogres
  2 black bears
  A necrophage (D:5)
  A phantom (D:8)
  2 centaurs
  3 wolves (Lair:2)
  4 crocodiles
  A big kobold (D:8)
  4 bullfrogs
  3 scorpions
  A wyvern skeleton (D:7)
  A howler monkey (D:4)
  3 crimson imps
  2 lava snakes (Lair:1)
  A centaur zombie (D:4)
  4 hounds
  6 orc priests
  6 orc wizards
  A centaur skeleton (D:8)
  2 iguanas (D:5)
  3 worker ants
  A mummy (D:9)
  A gnoll (D:1)
  4 adders
  2 oozes
  2 worms
  4 dart slugs
  5 leopard geckos
  30 orcs
  6 giant cockroaches
  11 goblins
  3 hobgoblins (D:3)
  2 jackals (D:3)
  5 quokkas
  2 ball pythons
  7 bats
  5 frilled lizards
  A giant cockroach zombie (D:6)
  5 kobolds
  2 leopard gecko skeletons
  A quokka skeleton (D:5)
  A quokka zombie (D:8)
  10 rats
219 creatures vanquished.

Vanquished Creatures (others)
  A fungus (Lair:2)
  A plant (Lair:2)
2 creatures vanquished.

Grand Total: 221 creatures vanquished

Notes
Turn   | Place    | Note
-------+----------+-------------------------------------------
     0 | D:1      | Kareekexe the Ogre Berserker began the quest for the Orb.
     0 | D:1      | Reached XP level 1. HP: 24/24 MP: 1/1
    83 | D:1      | Reached XP level 2. HP: 30/32 MP: 2/2
   272 | D:1      | Reached XP level 3. HP: 38/40 MP: 3/3
   658 | D:1      | Reached ** piety under Trog
  1005 | D:2      | Reached XP level 4. HP: 38/49 MP: 4/4
  1066 | D:2      | Found a basalt altar of Yredelemnul.
  1075 | D:2      | Found an opulent altar of Gozag.
  1331 | D:2      | Reached skill level 5 in Fighting
  1464 | D:2      | Found a burning altar of Makhleb.
  1689 | D:3      | Found a glowing silver altar of Zin.
  1690 | D:3      | Noticed an angel
  2019 | D:3      | Reached XP level 5. HP: 40/57 MP: 5/5
  2615 | D:4      | Found Rawany's Magic Scroll Shop.
  2630 | D:4      | Bought a scroll of teleportation for 33 gold pieces
  2630 | D:4      | Bought a scroll of identify for 22 gold pieces
  2642 | D:4      | Found Ajoh's Antique Armour Shop.
  2767 | D:4      | Reached *** piety under Trog
  2786 | D:4      | Reached skill level 1 in Armour
  2786 | D:4      | Reached XP level 6. HP: 48/67 MP: 6/6
  2831 | D:4      | Reached skill level 6 in Fighting
  2900 | D:4      | Noticed Jalan's ghost (novice DEWz)
  2910 | D:5      | Entered Level 5 of the Dungeon
  2910 | D:5      | Found Kucuboug's Book Emporium.
  3051 | D:5      | Found a staircase to the Ecumenical Temple.
  3056 | D:5      | Noticed a necrophage
  3068 | D:5      | Killed a necrophage
  3087 | D:5      | Reached XP level 7. HP: 70/76 MP: 7/7
  3115 | D:5      | Found a white marble altar of Elyvilon.
  3300 | D:5      | Found a sparkling altar of Nemelex Xobeh.
  3604 | Temple   | Entered the Ecumenical Temple
  3847 | D:4      | Found an iron altar of Okawaru.
  3847 | D:4      | Found Tuxzenog's Antique Weapon Emporium.
  4173 | D:4      | Reached skill level 7 in Fighting
  4227 | D:5      | Reached skill level 5 in Dodging
  4227 | D:5      | Reached XP level 8. HP: 53/87 MP: 8/8
  4305 | D:4      | Paralysed by Jalan's ghost for 6 turns
  4312 | D:4      | Killed Jalan's ghost
  4312 | D:4      | Reached skill level 5 in Maces & Flails
  5028 | D:6      | Reached skill level 8 in Fighting
  5374 | D:6      | Found a bloodstained altar of Trog.
  5773 | D:7      | Found a radiant altar of Vehumet.
  5797 | D:7      | Reached XP level 9. HP: 97/97 MP: 9/9
  6110 | D:7      | Reached **** piety under Trog
  6684 | D:8      | Found Woosomp's Gadget Shoppe.
  6724 | D:8      | Found Utinn's Book Boutique.
  6741 | D:8      | Found a glowing golden altar of the Shining One.
  6851 | D:8      | Reached skill level 9 in Fighting
  6975 | D:8      | Found Usimeif's Magic Scroll Shop.
  6978 | D:8      | Bought a scroll of brand weapon for 220 gold pieces
  6978 | D:8      | Bought a scroll of enchant weapon for 82 gold pieces
  6978 | D:8      | Bought a scroll of teleportation for 33 gold pieces
  7251 | D:9      | Found a snail-covered altar of Cheibriados.
  7303 | D:9      | Found a staircase to the Lair.
  7327 | D:9      | Reached skill level 5 in Armour
  7708 | D:9      | Noticed Psyche
  7713 | D:9      | Killed Psyche
  7713 | D:9      | Reached XP level 10. HP: 110/110 MP: 10/10
  7775 | D:9      | Found Fuhaditu's General Store.
  7783 | D:9      | Bought a scroll of enchant weapon for 82 gold pieces
  7907 | D:9      | Found Wejiu's Weapon Boutique.
  7932 | D:9      | Found Hoeqoffe's Gadget Shoppe.
  7937 | D:9      | Found Rinub's Antique Armour Emporium.
  8100 | D:9      | Found a white marble altar of Elyvilon.
  8232 | Lair:1   | Entered Level 1 of the Lair of Beasts
  8235 | Lair:1   | Reached skill level 10 in Fighting
  8793 | Lair:1   | Noticed a spiny frog
  8797 | Lair:1   | Noticed a spiny frog
  8798 | Lair:1   | Killed a spiny frog
  8801 | Lair:1   | Killed a spiny frog
  8864 | Lair:1   | Reached skill level 11 in Fighting
  9461 | Lair:1   | Reached XP level 11. HP: 73/120 MP: 11/11
  9523 | Lair:1   | Reached ***** piety under Trog
  9904 | Lair:2   | Noticed an eight-headed hydra
  9911 | Lair:2   | Killed an eight-headed hydra
  9923 | Lair:2   | HP: 1/123 [spiny frog (15)]
 10462 | Lair:2   | Noticed a manticore
 10463 | Lair:2   | Found a staircase to the Shoals.
 10473 | Lair:2   | Killed a manticore
 10549 | Lair:2   | Reached skill level 12 in Fighting
 11103 | Lair:2   | HP: 2/124 [wolf (8)]
 11103 | Lair:2   | Slain by a wolf

Vault maps used:
D:1:      mainiacjoe_arrival_reflecting_pool, due_unseen_surprise
D:2:      lemuel_crystal_altar, yredelemnul_altar_generic, lemuel_crystal_altar
D:3:      zin_angel, first_bread
D:4:      lemuel_crystal_altar, serial_shops, nicolae_shop_stone,
          nicolae_shop_behind_doors, nicolae_shop_statue_plus
D:5:      nemelex_xobeh_ov_fountains_minmay, basic_altar, serial_shops, shop
D:6:      lightli_temple_of_fire
D:7:      lemuel_crystal_altar
D:8:      lemuel_doored_altar, serial_shops, nicolae_shop_behind_doors, shop,
          nicolae_shop_waterfront, blue_anna_alchemist
D:9:      kennysheep_mini, slow_altar_1, david_lair_generic, serial_shops,
          shop_coins, shop, nicolae_shop_stone, shop_fountains, uniq_psyche
Temple:   jpeg_temple_alley_garden
Lair:2:   minmay_shoals_entry_beasts, beast_lair_carwin_11

Skill      XL: |  1  2  3  4  5  6  7  8  9 10 11 |
---------------+----------------------------------+-----
Maces & Flails | 3 4 5 7 8 9 |  9.2
Dodging        | 3 4 5 7 8 9 |  9.1
Fighting       | 5 6 7 8 9 11 12 | 12.4
Armour         | 1 2 3 5 6 7 |  7.6

Action                   |  1- 3 |  4- 6 |  7- 9 | 10-12 || total
-------------------------+-------+-------+-------+-------++-------
Melee: Mace              |    89 |   170 |       |       ||   259
       Giant spiked club |       |    19 |   351 |   212 ||   582
Invok: Berserk           |       |     1 |     1 |     8 ||    10
       Trog's Hand       |       |       |       |     1 ||     1
  Use: Scroll            |       |     1 |     2 |     2 ||     5
       Potion            |       |       |       |     2 ||     2
 Stab: Distracted        |     1 |       |       |       ||     1
  Eat: Chunk             |       |     8 |    18 |    24 ||    50
       Beef jerky        |       |       |     1 |       ||     1
Armor: Animal skin       |    34 |    35 |       |       ||    69
       Storm dragon scal |       |    59 |   368 |   217 ||   644
Dodge: Dodged            |    60 |    72 |   188 |   188 ||   508
Block: Large shield      |       |    21 |       |       ||    21
